 Dungeon Crawl Stone Soup version 0.21-a0-28-g9a7844a (webtiles) character file.

396 toast the Chopper (level 6, -1/56 HPs)
             Began as a Hill Orc Fighter on May 26, 2017.
             Slain by a sky beast (5 damage)
             ... on level 5 of the Dungeon.
             The game lasted 00:08:13 (3396 turns).

toast the Chopper (Hill Orc Fighter)                Turns: 3396, Time: 00:08:16

Health: -1/56      AC: 10    Str: 21    XL:     6   Next: 82%
Magic:  6/6        EV:  9    Int:  8    God:
Gold:   247        SH:  9    Dex: 10    Spells: 5/5 levels left

rFire    . . .     SeeInvis .   a - +1 war axe
rCold    + . .     Gourm    .   c - +0 shield
rNeg     . . .     Faith    .   b - +0 scale mail
rPois    .         Spirit   .   y - +2 helmet
rElec    .         Reflect  .   (no cloak)
rCorr    .         Harm     .   (no gloves)
MR       .....                  (no boots)
Stlth    ..........             o - amulet of rage
Regen    0.2/turn               h - +2 ring of evasion
MPRegen  0.1/turn               q - ring of protection from cold

@: no status effects
A: no striking features
a: Evoke Berserk Rage


You were on level 5 of the Dungeon.
You were not hungry.

You visited 1 branch of the dungeon, and saw 5 of its levels.

You collected 247 gold pieces.

Inventory:

Hand Weapons
 a - a +1 war axe (weapon)
Armour
 b - a +0 scale mail (worn)
 c - a +0 shield (worn)
 r - a +1 helmet
 y - a +2 helmet (worn)
Jewellery
 h - a +2 ring of evasion (left hand)
 o - an amulet of rage (around neck)
 q - a ring of protection from cold (right hand)
Wands
 g - a wand of digging (5/24)
Scrolls
 j - 2 scrolls of enchant weapon
 k - a scroll of magic mapping
 p - a scroll of remove curse
 x - a scroll of amnesia
 A - a scroll of teleportation
 B - 3 scrolls of identify
Potions
 d - 2 potions of might
 e - a potion of flight
 l - a potion of mutation {unknown}
 m - a potion of degeneration {unknown}
 n - 2 potions of curing {unknown}
 s - a potion of resistance {unknown}
 v - 2 potions of haste {unknown}
 z - a potion of invisibility {unknown}
Comestibles
 f - 6 bread rations
 i - 3 meat rations
 t - 3 chunks of flesh
 u - a royal jelly
 w - 3 fruits


   Skills:
 + Level 5.3 Fighting
 * Level 5.8 Axes
 + Level 4.8 Armour
 + Level 4.5 Shields


You had 5 spell levels left.
You didn't know any spells.

Dungeon Overview and Level Annotations

Branches:
Dungeon (5/15)
 Temple: D:4-7

Altars:
Yredelemnul

Annotations:
D:4 Sigmund


Message History

You closely miss something.
A sky beast appears from thin air!
Reactivating autopickup.
You block the sky beast's attack. The sky beast closely misses you.
You closely miss the sky beast.
The sky beast is lightly wounded.
You block the sky beast's attack.
Your shield and scale mail prevent you from hitting the sky beast.
The sky beast is lightly wounded.
The sky beast hits you.
* * * LOW HITPOINT WARNING * * *
The sky beast shocks you.
* * * LOW HITPOINT WARNING * * *
You slash the sky beast!
The sky beast is moderately wounded.
The sky beast flickers out of sight!
Deactivating autopickup; reactivate with Ctrl-A.
Something hits you but does no damage. Something hits you.
* * * LOW HITPOINT WARNING * * *
Something shocks you.
You die...

#########.
#.<.......
#.@.......
#.{.......
#.........
#.....<...
#.........
#........#
#........#
#........#


There were no monsters in sight!

Vanquished Creatures
  Eustachio (D:4)
  A crimson imp (D:4)
  A hound (D:4)
  An iguana (D:4)
  2 worker ants (D:4)
  Robin (D:2)
  3 adders
  3 oozes
  2 worms
  A dart slug (D:2)
  2 leopard geckos (D:4)
  7 orcs
  A ball python (D:4)
  4 giant cockroaches
  4 hobgoblins (D:1)
  4 jackals (D:3)
  5 bats
  3 frilled lizards
  10 goblins
  4 kobolds
  4 rats
64 creatures vanquished.

Notes
Turn   | Place    | Note
-------+----------+-------------------------------------------
     0 | D:1      | toast the Hill Orc Fighter began the quest for the Orb.
     0 | D:1      | Reached XP level 1. HP: 19/19 MP: 1/1
   248 | D:1      | Reached XP level 2. HP: 27/27 MP: 2/2
  1039 | D:2      | Reached XP level 3. HP: 30/33 MP: 3/3
  1150 | D:2      | Found a basalt altar of Yredelemnul.
  1164 | D:2      | Noticed Robin
  1173 | D:2      | Killed Robin
  1177 | D:2      | Reached XP level 4. HP: 18/40 MP: 4/4
  1463 | D:2      | Found a faded altar of an unknown god.
  2271 | D:4      | Noticed Eustachio
  2581 | D:4      | Killed Eustachio
  2581 | D:4      | Reached skill level 5 in Axes
  2581 | D:4      | Reached XP level 5. HP: 26/47 MP: 5/5
  2581 | D:4      | Reached XP level 6. HP: 30/55 MP: 6/6
  2597 | D:4      | Reached skill level 5 in Fighting
  3129 | D:4      | Noticed Sigmund
  3312 | D:5      | Entered Level 5 of the Dungeon
  3312 | D:5      | Noticed a phantom
  3375 | D:5      | Noticed a sky beast
  3396 | D:5      | Slain by a sky beast

Vault maps used:
D:1:      dpeg_arrival_snail, bh_walls_and_bars
D:2:      cheibrodos_old_hovel, nicolae_overflow_crystal_walls, serial_glass,
          glass_columns_a, glass_columns_a, chequers_ecumenical_altar_lobes,
          uniq_robin
D:4:      uniq_sigmund, uniq_eustachio
D:5:      first_bread, grunt_gozag_breadcrumbs, uniq_menkaure, uniq_edmund

Skill      XL: |  1  2  3  4  5  6 |
---------------+-------------------+-----
Axes           | 3 5 |  5.8
Fighting       | 4 5 |  5.3
Armour         | 4 |  4.8
Shields        | 4 |  4.5

Action                   |  1- 3 |  4- 6 || total
-------------------------+-------+-------++-------
Melee: War axe           |    80 |   152 ||   232
  Use: Scroll            |     2 |    11 ||    13
       Potion            |     1 |     1 ||     2
  Eat: Chunk             |     1 |     7 ||     8
Armor: Scale mail        |    28 |    71 ||    99
Dodge: Dodged            |    32 |    60 ||    92
Block: Shield            |    37 |    81 ||   118
